[Event "LEM Niedersachsen-A-Open 2025"]
[Site "Verden"]
[Date "2025.01.05"]
[Round "7.22"]
[White "Eschholz, Enno"]
[Black "Bangert, Jonas"]
[Result "1/2-1/2"]
[ECO "B26"]
[WhiteElo "2121"]
[BlackElo "1894"]
[Annotator "TA"]
[PlyCount "99"]
[EventDate "2024.12.27"]
[EventType "swiss"]
[EventCountry "GER"]
[SourceTitle "playchess.com"]
[Source "ChessBase"]
[SourceQuality "1"]
[TimeControl "40/5400+30:1800+30"]

1. e4 c5 2. Nc3 g6 3. g3 Nc6 4. d3 Bg7 5. Be3 d6 6. Bg2 Nf6 7. h3 O-O 8. Qd2 Ne8 9. Bh6 e5 10. Nge2 Nc7 {[%emt 0:01:56] The position is equal.} 11. Bxg7 Kxg7 12. O-O f6 13. f4 Bd7 14. Nd1 Qe7 15. c3 b6 16. Ne3 h6 (16... Rad8 $14) 17. g4 $16 Rae8 18. Rae1 Qd8 19. Nc4 (19. f5 $142) 19... Bc8 20. Ne3 (20. f5 $16) 20... Ba6 (20... Bd7 $1 $11 {keeps the balance.}) 21. Rf2 Ne7 22. Ref1 Bc8 (22... g5 $142) 23. Ng3 ({White should play} 23. h4 $16) 23... Kh7 (23... exf4 $14 24. Rxf4 d5) 24. a3 (24. f5 $16) 24... Ne6 $14 {[%emt 0:05:57] [#]} 25. Ne2 ({White should try} 25. f5 $1 $16 Nf4 26. fxg6+ Nexg6 27. Kh2) 25... g5 $1 $11 26. f5 Nf4 27. Nxf4 gxf4 28. Nc2 Kg7 29. c4 Rh8 30. Bf3 Kf7 31. Kh2 Bd7 32. Rg1 Reg8 33. b4 Ba4 34. Ne1 Bd7 35. b5 a6 36. a4 axb5 37. axb5 Rg7 38. Rfg2 {[%emt 0:00:43] White is slightly better.} Rhg8 39. Nc2 Qc7 40. Ra1 Qb7 41. Ne1 Ra8 42. Qc3 Rgg8 43. Rga2 Rxa2+ 44. Rxa2 Ra8 45. Qa1 Rxa2+ 46. Qxa2 Kg7 47. h4 Be8 48. Bd1 Nc8 49. Nf3 {[%emt 0:00:00] Black is weak on the light squares} Qa7 50. Qxa7+ {[%emt 0:00:00] Weighted Error Value: White=0.17 (very precise) /Black=0.15 (very precise) .  Mistake:       	White=5     	Black=4      Inaccurate:     	White=1     	Black=2      OK:         	White=13    	Black=16     Best:        	White=1     	---        Strong:       	---       	Black=1} 1/2-1/2

[Event "LEM Niedersachsen-A-Open 2025"]
[Site "Verden"]
[Date "2025.01.05"]
[Round "7.23"]
[White "Ludwig, Bernard"]
[Black "Moerke, Niklas"]
[Result "0-1"]
[ECO "D06"]
[WhiteElo "1962"]
[BlackElo "1875"]
[Annotator "RC"]
[PlyCount "136"]
[EventDate "2024.12.27"]
[EventType "swiss"]
[EventCountry "GER"]
[SourceTitle "playchess.com"]
[Source "ChessBase"]
[SourceQuality "1"]
[TimeControl "40/5400+30:1800+30"]

1. Nf3 d5 2. d4 Bf5 3. c4 e6 4. Nc3 Nf6 5. Qb3 b6 6. Bg5 c6 7. Ne5 Be7 8. e3 O-O 9. Rc1 Ng4 10. Bxe7 Qxe7 11. Nxg4 Bxg4 12. Bd3 Nd7 13. h3 Bh5 14. Qc2 Bg6 15. Ne2 Bxd3 16. Qxd3 Qb4+ 17. Qc3 Qxc4 18. Qxc4 dxc4 19. Rxc4 c5 20. dxc5 Nxc5 21. O-O Rfd8 22. b4 Na6 23. Rfc1 g6 24. a3 Rd3 25. R4c3 Rad8 26. Nd4 Rxc3 27. Rxc3 Rd7 28. Rc8+ Kg7 29. Ra8 Rb7 30. Nb5 Nc7 31. Rxa7 Rxa7 32. Nxa7 Kf8 33. Kf1 Ke8 34. Nc8 b5 35. Nd6+ Ke7 36. Ne4 Nd5 37. Ke1 f5 38. Nc5 Nc3 39. f3 Kd6 40. Kf2 Kd5 41. g4 e5 42. g5 e4 43. Nd7 Kc4 44. Nf8 Kd3 45. Nxh7 Nd1+ 46. Kg3 Kxe3 47. fxe4 f4+ 48. Kh2 f3 49. Nf6 f2 50. Ng4+ Kf3 51. Nxf2 Nxf2 52. e5 Ne4 53. e6 Nd6 54. e7 Ne8 55. h4 Kg4 56. a4 bxa4 57. b5 a3 58. b6 a2 59. b7 a1=Q 60. b8=Q Qa2+ 61. Kg1 Qa1+ 62. Kg2 Qa2+ 63. Kf1 Qc4+ 64. Kg2 Qe4+ 65. Kg1 Qe3+ 66. Kg2 Qf3+ 67. Kh2 Qf2+ 68. Kh1 Qxh4+ 0-1

[Event "LEM Niedersachsen-A-Open 2025"]
[Site "Verden"]
[Date "2025.01.05"]
[Round "7.24"]
[White "Rausch, Darius"]
[Black "Nolting, Dennis"]
[Result "1-0"]
[ECO "D02"]
[WhiteElo "1840"]
[BlackElo "1937"]
[Annotator "RC"]
[PlyCount "57"]
[EventDate "2024.12.27"]
[EventType "swiss"]
[EventCountry "GER"]
[SourceTitle "playchess.com"]
[Source "ChessBase"]
[SourceQuality "1"]
[TimeControl "40/5400+30:1800+30"]

1. d4 d5 2. Bf4 c5 3. e3 Nc6 4. Nf3 Nf6 5. Nbd2 Bg4 6. c3 e6 7. Qa4 Bd6 8. Ba6 Qd7 9. Bxd6 bxa6 10. Bxc5 Ne7 11. Qa3 Rc8 12. Qxa6 Nc6 13. O-O Rc7 14. Rfc1 Ne4 15. Nxe4 dxe4 16. Nd2 Nb8 17. Qa3 f6 18. Nxe4 Kf7 19. Ng3 Rd8 20. f3 Bf5 21. Nxf5 exf5 22. Re1 Nc6 23. e4 fxe4 24. Rxe4 Qf5 25. Rae1 h5 26. b4 h4 27. Rxh4 Qg5 28. Rg4 Qd2 29. Qb3+ 1-0

[Event "LEM Niedersachsen-A-Open 2025"]
[Site "Verden"]
[Date "2025.01.05"]
[Round "7.25"]
[White "Langer, Michael S."]
[Black "Sayas Payyappat"]
[Result "1-0"]
[ECO "E90"]
[WhiteElo "1933"]
[BlackElo "1823"]
[Annotator "RC"]
[PlyCount "79"]
[EventDate "2024.12.27"]
[EventType "swiss"]
[EventCountry "GER"]
[SourceTitle "playchess.com"]
[Source "ChessBase"]
[SourceQuality "1"]
[TimeControl "40/5400+30:1800+30"]

1. Nf3 Nc6 2. d4 d6 3. c4 g6 4. Nc3 Bg7 5. h3 Nf6 6. e4 O-O 7. Be3 Re8 8. d5 Nb8 9. Qd2 e6 10. Be2 exd5 11. exd5 Bf5 12. O-O Nbd7 13. Nd4 Ne4 14. Nxe4 Bxe4 15. Rae1 Qe7 16. Bd1 Nc5 17. Bc2 Qf6 18. b4 Bxc2 19. Qxc2 Ne4 20. Nb5 Re7 21. Bd4 Qf5 22. Bxg7 Kxg7 23. f3 Ng3 24. Qc3+ Re5 25. f4 Rae8 26. fxe5 Qxf1+ 27. Rxf1 Ne2+ 28. Kf2 Nxc3 29. Nxc3 Rxe5 30. Re1 Rxe1 31. Kxe1 a6 32. Ke2 Kf6 33. Ke3 Ke5 34. g3 f5 35. Ne2 g5 36. h4 h6 37. a4 b6 38. a5 Kf6 39. hxg5+ Kxg5 40. b5 1-0

[Event "LEM Niedersachsen-A-Open 2025"]
[Site "Verden"]
[Date "2025.01.05"]
[Round "7.26"]
[White "Nuerenberg, Marius"]
[Black "Kozik, Andreas"]
[Result "1/2-1/2"]
[ECO "C02"]
[WhiteElo "1911"]
[BlackElo "1868"]
[Annotator "RC"]
[PlyCount "46"]
[EventDate "2024.12.27"]
[EventType "swiss"]
[EventCountry "GER"]
[SourceTitle "playchess.com"]
[Source "ChessBase"]
[SourceQuality "1"]
[TimeControl "40/5400+30:1800+30"]

1. e4 e6 2. d4 d5 3. e5 c5 4. c3 Nc6 5. Nf3 Nge7 6. Na3 cxd4 7. cxd4 Nf5 8. Nc2 Bd7 9. Bd3 Qb6 10. Bxf5 exf5 11. h4 h6 12. Kf1 Be6 13. Ng1 g6 14. Ne2 Be7 15. Rh3 Qc7 16. Nf4 Qd7 17. Bd2 Rc8 18. a3 Qd8 19. g3 Na5 20. Bxa5 Qxa5 21. Kg2 O-O 22. Ne3 Rfd8 23. Rh1 Qb6 1/2-1/2

[Event "LEM Niedersachsen-A-Open 2025"]
[Site "Verden"]
[Date "2025.01.05"]
[Round "7.27"]
[White "Schramm, Kilian"]
[Black "Seer, Maurice"]
[Result "1-0"]
[ECO "C27"]
[WhiteElo "1834"]
[BlackElo "1911"]
[Annotator "RC"]
[PlyCount "111"]
[EventDate "2024.12.27"]
[EventType "swiss"]
[EventCountry "GER"]
[SourceTitle "playchess.com"]
[Source "ChessBase"]
[SourceQuality "1"]
[TimeControl "40/5400+30:1800+30"]

1. e4 e5 2. Bc4 Nf6 3. d3 Bc5 4. Nc3 O-O 5. f4 d5 6. exd5 exf4 7. Bxf4 Re8+ 8. Nge2 Bg4 9. d4 Bb4 10. O-O Bxc3 11. bxc3 Nxd5 12. Qd2 Bxe2 13. Bxe2 Nxc3 14. Qxc3 Rxe2 15. Bxc7 Qd5 16. Rf2 Rxf2 17. Kxf2 Nc6 18. Rd1 Rc8 19. Bf4 Qf5 20. Qg3 Nb4 21. Kg1 Nxc2 22. d5 Nb4 23. d6 Rd8 24. Bh6 Qg6 25. Bg5 f6 26. Qb3+ Qf7 27. Qxb4 fxg5 28. Qa5 b6 29. Qxg5 Rd7 30. Qe5 Rd8 31. Rf1 Qd7 32. Qd5+ Kh8 33. Rf7 Qe8 34. Re7 Qg6 35. Rxa7 Qb1+ 36. Kf2 Rf8+ 37. Rf7 Qc2+ 38. Ke3 Re8+ 39. Re7 Qc1+ 40. Ke2 Qc2+ 41. Qd2 Qc4+ 42. Ke1 Rf8 43. Re2 Qh4+ 44. g3 Qh3 45. Qf4 Qc8 46. d7 Qc3+ 47. Rd2 Rd8 48. Qe4 Rf8 49. Qf4 Rd8 50. Ke2 h6 51. Qe4 Qf6 52. Rc2 Qf8 53. Qe6 Kh7 54. Rc8 b5 55. Rxd8 Qxd8 56. Qe8 1-0

[Event "LEM Niedersachsen-A-Open 2025"]
[Site "Verden"]
[Date "2025.01.05"]
[Round "7.28"]
[White "Lehmkuhl, Stefan"]
[Black "Loecken, Siegfried"]
[Result "0-1"]
[ECO "A65"]
[WhiteElo "1874"]
[BlackElo "2004"]
[Annotator "RC"]
[PlyCount "90"]
[EventDate "2024.12.27"]
[EventType "swiss"]
[EventCountry "GER"]
[SourceTitle "playchess.com"]
[Source "ChessBase"]
[SourceQuality "1"]
[TimeControl "40/5400+30:1800+30"]

1. d4 Nf6 2. c4 c5 3. d5 e6 4. Nc3 exd5 5. cxd5 d6 6. e4 g6 7. Bd3 Bg7 8. Nge2 O-O 9. O-O a6 10. a4 Re8 11. h3 Nbd7 12. Ng3 Qc7 13. Bf4 Rb8 14. Re1 Ne5 15. Bf1 Bd7 16. a5 b5 17. axb6 Rxb6 18. Bc1 Bb5 19. f4 Ned7 20. Qf3 h5 21. Nge2 Bc4 22. g4 hxg4 23. hxg4 Rb3 24. Ng3 Bxf1 25. Nxf1 Qb7 26. Ng3 Nb6 27. Qf1 Nxg4 28. Qxa6 Qe7 29. Kg2 Bxc3 30. bxc3 Ra8 31. Qxb6 Rxb6 32. Rxa8+ Kg7 33. Kf3 Nf6 34. c4 Rb3+ 35. Kg2 Nh5 36. Re3 Rxe3 37. Bxe3 Nxg3 38. Kxg3 Qxe4 39. Kf2 Qxc4 40. Ra1 Qxd5 41. Re1 Kf6 42. Rg1 Qd3 43. f5 Qxf5+ 44. Ke2 Qc2+ 45. Ke1 d5 0-1

[Event "LEM Niedersachsen-A-Open 2025"]
[Site "Verden"]
[Date "2025.01.05"]
[Round "7.29"]
[White "Lieb, Max"]
[Black "Bisa, Gani"]
[Result "1-0"]
[ECO "A50"]
[WhiteElo "1791"]
[BlackElo "1885"]
[Annotator "NA RC"]
[PlyCount "73"]
[EventDate "2024.12.27"]
[EventType "swiss"]
[EventCountry "GER"]
[SourceTitle "playchess.com"]
[Source "ChessBase"]
[SourceQuality "1"]
[TimeControl "40/5400+30:1800+30"]

1. d4 Nf6 2. c4 e6 3. Nf3 b6 4. g3 Bb7 5. Bg2 g6 6. O-O Bg7 7. Nc3 O-O 8. b3 c5 9. e3 Na6 10. Bb2 Nc7 11. Qe2 d5 12. dxc5 bxc5 13. Rfd1 Qc8 14. cxd5 exd5 15. Rac1 Rb8 16. Na4 Ba6 17. Qc2 c4 18. bxc4 Bxc4 19. Ne5 Bb5 20. Nc3 Qe6 21. Nxb5 Rxb5 22. Ba3 Rc8 23. Nc6 Re8 24. Ne7+ Kh8 25. Qxc7 Bf8 26. Nxg6+ hxg6 27. Bxf8 Rxf8 28. Qxa7 Rfb8 29. a4 R5b7 30. Qd4 Rb4 31. Qa1 Qa6 32. a5 Ra8 33. Bxd5 Rd8 34. Rc6 Qa8 35. Qxf6+ Kh7 36. Qxf7+ Kh8 37. Qf6+ 1-0

[Event "LEM Niedersachsen-A-Open 2025"]
[Site "Verden"]
[Date "2025.01.05"]
[Round "7.30"]
[White "Direk, Oguzhan"]
[Black "Harms, Friedjof"]
[Result "1-0"]
[ECO "D00"]
[WhiteElo "1838"]
[BlackElo "1884"]
[Annotator "NA RC"]
[PlyCount "147"]
[EventDate "2024.12.27"]
[EventType "swiss"]
[EventCountry "GER"]
[SourceTitle "playchess.com"]
[Source "ChessBase"]
[SourceQuality "1"]
[TimeControl "40/5400+30:1800+30"]

1. d4 Nf6 2. Nc3 d5 3. Bf4 e6 4. Nb5 Na6 5. e3 c6 6. Nc3 {[%emt 0:00:10] D00: 1 d4 d5: Unusual lines.} Qb6 7. a3 c5 8. Nf3 Be7 9. Be2 O-O 10. O-O Bd7 11. Qd2 Rfc8 12. Rab1 Be8 13. h3 Nc7 14. Ne5 c4 (14... Nb5 $11) 15. b3 $1 Bxa3 16. bxc4 Bb4 17. Nd3 Ne4 18. Nxe4 Bxd2 19. Rxb6 dxe4 20. Rxb7 exd3 21. Bxd3 Na6 22. Rd1 Bc6 23. Rb3 Nc5 24. dxc5 Ba5 25. Ra1 Bc7 26. Rba3 Bxf4 27. exf4 Rc7 28. Ra6 f5 29. f3 Kf7 30. Kf2 Kf6 31. Ke3 g6 32. g4 Kf7 33. g5 Ke7 34. R1a5 Kf7 35. Kd4 Ke7 36. Ke5 Bd7 37. h4 Bc6 38. Be2 Bd7 39. c6 Bxc6 40. c5 Bd5 41. Rd6 Rb8 42. c4 Rb2 43. Bd3 Bxf3 44. Rxe6+ Kf7 45. Rea6 Rbb7 46. c6 Rb6 47. Rxa7 Rbxc6 48. Rxc7+ Rxc7 49. c5 Ke7 50. Bc4 Bc6 51. Bd5 Bd7 52. c6 Bxc6 53. Bxc6 Rxc6 54. Ra7+ Kf8 55. Rxh7 Rc5+ 56. Kd4 Rc1 57. h5 Re1 58. hxg6 Re4+ 59. Kd5 Rxf4 60. Ke5 Ra4 61. Kxf5 Ra5+ 62. Kg4 Kg8 63. Rb7 Ra4+ 64. Kh5 Ra8 65. Kh6 Rc8 66. Rg7+ Kh8 67. Rf7 Kg8 68. Rf6 Rc7 69. Ra6 Rc8 70. g7 Rb8 71. Rf6 Rd8 72. Rf8+ Rxf8 73. gxf8=R+ Kxf8 74. Kh7 1-0

[Event "LEM Niedersachsen-A-Open 2025"]
[Site "Verden"]
[Date "2025.01.05"]
[Round "7.31"]
[White "Burnus, Finn Crispin"]
[Black "Schulze, Tim"]
[Result "1/2-1/2"]
[ECO "D31"]
[WhiteElo "1883"]
[BlackElo "1804"]
[Annotator "NA RC"]
[PlyCount "42"]
[EventDate "2024.12.27"]
[EventType "swiss"]
[EventCountry "GER"]
[SourceTitle "playchess.com"]
[Source "ChessBase"]
[SourceQuality "1"]
[TimeControl "40/5400+30:1800+30"]

1. d4 d5 2. c4 e6 3. Nf3 c6 4. Nc3 dxc4 5. a4 Bb4 6. e3 b5 7. Bd2 a5 8. axb5 Bxc3 9. Bxc3 cxb5 10. b3 Bb7 11. bxc4 b4 12. Bd2 Nf6 13. Bd3 O-O 14. O-O Nbd7 15. Bc2 Qc7 16. Bb3 Rfb8 17. Qc2 Ng4 18. e4 $15 f5 19. d5 Nc5 20. exf5 Nxb3 21. Qxb3 exd5 1/2-1/2

[Event "LEM Niedersachsen-A-Open 2025"]
[Site "Verden"]
[Date "2025.01.05"]
[Round "7.32"]
[White "Beckmann, Jonathan"]
[Black "Buecklers, Martin"]
[Result "1-0"]
[ECO "B15"]
[WhiteElo "1812"]
[BlackElo "1859"]
[Annotator "NA RC"]
[PlyCount "71"]
[EventDate "2024.12.27"]
[EventType "swiss"]
[EventCountry "GER"]
[SourceTitle "playchess.com"]
[Source "ChessBase"]
[SourceQuality "1"]
[TimeControl "40/5400+30:1800+30"]

1. d4 g6 2. e4 Bg7 3. Nc3 c6 4. f4 d5 5. e5 h5 6. Nf3 Bg4 7. h3 Bxf3 8. Qxf3 Qb6 9. Qd3 Nh6 10. Be3 Nf5 11. Bf2 e6 12. Be2 Na6 13. O-O h4 14. a3 Bf8 15. b4 Nc7 16. Rfb1 $16 a6 17. a4 Kd7 18. Rb3 Qa7 19. Rab1 b5 20. Ra1 Qb7 21. Nd1 Be7 22. Qd2 Rhg8 23. Ne3 Nxe3 24. Qxe3 Ne8 25. Qd2 Ng7 26. Rba3 a5 27. c3 bxa4 28. Rxa4 axb4 29. cxb4 Rxa4 30. Rxa4 Rb8 31. Be1 Ra8 32. Qa2 Rxa4 33. Qxa4 Nf5 34. b5 c5 35. b6+ Kd8 36. Qa7 1-0

[Event "LEM Niedersachsen-A-Open 2025"]
[Site "Verden"]
[Date "2025.01.05"]
[Round "7.33"]
[White "Kiesel, Lara"]
[Black "Goertzen, Simon"]
[Result "1/2-1/2"]
[ECO "A13"]
[WhiteElo "1825"]
[BlackElo "1887"]
[Annotator "NA RC"]
[PlyCount "194"]
[EventDate "2024.12.27"]
[EventType "swiss"]
[EventCountry "GER"]
[SourceTitle "playchess.com"]
[Source "ChessBase"]
[SourceQuality "1"]
[TimeControl "40/5400+30:1800+30"]

1. Nf3 Nf6 2. b3 c5 3. Bb2 Nc6 4. c4 e6 5. e3 Be7 6. Be2 O-O 7. O-O d5 8. cxd5 exd5 9. d4 b6 10. dxc5 bxc5 11. Nc3 Bb7 12. Rc1 Rc8 13. Na4 {[%emt 0:02:55] A13: English Opening: 1...e6.} Nb8 14. Rc2 Nbd7 15. Ba3 Qa5 16. Qd2 Qxd2 17. Rxd2 (17. Nxd2 $5 Rc6 18. Rfc1 $11) 17... Nb6 18. Nb2 Rc7 19. Rc2 Rfc8 20. Rfc1 a5 21. Nd1 Ne4 22. Nc3 Nxc3 23. Rxc3 Kf8 24. Ne1 c4 25. Bxe7+ Kxe7 26. bxc4 dxc4 27. Nf3 Bd5 28. Nd4 g6 29. Bf3 Bxf3 30. Nxf3 Nd5 31. Ra3 Rc5 32. Kf1 c3 33. Nd4 c2 34. Ke2 Nc3+ 35. Kd3 Nd1 36. Kd2 Nb2 37. Rb3 Nc4+ 38. Kd3 Ne5+ 39. Kd2 Ng4 40. Rxc2 Nxf2 41. Rxc5 Rxc5 42. Ra3 Kf6 43. Ke2 Ng4 44. h3 Ne5 45. Kf2 Nc4 46. Ra4 Nb2 47. Ra3 a4 48. Kf3 (48. Ne2 $1 $11) 48... Ke5 49. Ne2 Kd5 (49... Rc4 $15) 50. Nc3+ Ke6 51. g4 h5 52. Ke4 Rc4+ 53. Kf3 h4 54. Ke2 Rb4 55. Nd1 Nxd1 56. Kxd1 Rb1+ 57. Ke2 Rh1 58. Rxa4 Rxh3 59. Rf4 $2 {[%emt 0:00:40] [#]} (59. g5 $11 {and White stays safe.}) 59... g5 (59... Rh2+ $1 $17 60. Kf3 Rxa2) 60. Rf5 f6 61. Rb5 Rg3 62. Rb4 Rg2+ 63. Kf3 Rxa2 64. Rb8 Kf7 65. Rh8 Kg7 66. Rd8 Rh2 67. Rd7+ Kg6 68. Rd4 Rh3+ 69. Kf2 Rg3 70. Rc4 Kf7 71. Re4 Kg6 72. Rd4 Rh3 73. Re4 Rh2+ 74. Kf3 Rb2 75. Re8 Rb7 76. Rd8 Re7 77. Rd6 Kf7 78. Rc6 Re6 79. Rc7+ Ke8 80. Rh7 Re7 81. Rh8+ Kd7 82. Rf8 Re6 83. Ra8 Kd6 84. Ra5 Re5 85. Ra6+ Ke7 86. Rb6 f5 87. gxf5 Rxf5+ 88. Kg4 Re5 89. Rh6 Kf7 90. Rb6 Kg7 91. Rc6 Kf7 92. Rb6 Re6 93. Rb5 Rg6 $11 94. Ra5 Rg8 95. Rb5 Kf6 96. Rf5+ Ke6 97. Rb5 Kf6 1/2-1/2

[Event "LEM Niedersachsen-A-Open 2025"]
[Site "Verden"]
[Date "2025.01.05"]
[Round "7.34"]
[White "Wilmink, Luca"]
[Black "Aden, Dagmar"]
[Result "1/2-1/2"]
[ECO "B56"]
[WhiteElo "1792"]
[BlackElo "1861"]
[Annotator "NA RC"]
[PlyCount "47"]
[EventDate "2024.12.27"]
[EventType "swiss"]
[EventCountry "GER"]
[SourceTitle "playchess.com"]
[Source "ChessBase"]
[SourceQuality "1"]
[TimeControl "40/5400+30:1800+30"]

1. e4 c5 2. Nf3 Nc6 3. d4 cxd4 4. Nxd4 Nf6 5. Nc3 d6 6. Be3 e5 7. Nf3 h6 8. Bc4 Be7 9. Qd2 a6 10. h3 b5 11. Bd5 Bb7 12. a3 Qc7 13. g4 Na5 14. b3 Rc8 15. Bxb7 Nxb7 16. Nd5 $17 Qxc2 17. Nxf6+ Bxf6 18. Qd5 Qc3+ 19. Ke2 Qc6 20. Qxc6+ Rxc6 21. Rac1 Kd7 22. Rxc6 Kxc6 23. Rc1+ Kd7 24. b4 1/2-1/2